 Dungeon Crawl Stone Soup version 0.31-a0-188-g5e087ee2ca (webtiles) character file.

Game seed: 10083740971338271296

84 qw the Shooter (level 4, -1/25 HPs)
             Began as a Deep Elf Hunter on June 23, 2023.
             Slain by an adder (3 damage)
             ... on level 2 of the Dungeon.
             The game lasted 00:00:32 (1411 turns).

qw the Shooter (Deep Elf Hunter)                    Turns: 1411, Time: 00:00:33

Health: -1/25      AC:  7    Str: 10    XL:     4   Next: 24%
Magic:  6/6        EV: 11    Int: 14    God:
Gold:   41         SH:  5    Dex: 18    Spells: 3/3 levels left

rFire   . . .        Y - +0 orcbow
rCold   . . .        (shield currently unavailable)
rNeg    . . .        e - +0 ring mail
rPois   .            (no helmet)
rElec   .            (no cloak)
rCorr   .            b - +1 pair of gloves of Tusteas {SInv}
SInv    +            (no boots)
Will    .....        h - amulet of reflection
Stlth   +            (no ring)
HPRegen 0.24/turn    (no ring)
MPRegen 0.10/turn

%: reflection
@: lethally poisoned (-1 -> -3), about to teleport
A: no striking features
a: no special abilities


You were on level 2 of the Dungeon.
You visited 1 branch of the dungeon, and saw 3 of its levels.

You collected 67 gold pieces.
You spent 26 gold pieces at shops.


   Skills:
 - Level 1.5 Fighting
 + Level 7.7 Ranged Weapons
 - Level 2.4 Dodging
 - Level 1.2 Stealth


You had 3 spell levels left.
You didn't know any spells.
Your spell library was empty.

Inventory:

Hand Weapons
 Y - a +0 orcbow (weapon)
Armour
 b - the +1 pair of gloves of Tusteas (worn) {SInv}
   (You found it on level 2 of the Dungeon)

   SInv:      It lets you see invisible.
 e - a +0 ring mail (worn)
Jewellery
 h - an amulet of reflection (around neck)
Scrolls
 f - 4 scrolls of identify

Dungeon Overview and Level Annotations

Branches:
Dungeon (3/15)

Altars:

Shops:
D:1 *


Message History

The adder misses you.
You shoot an arrow. The arrow barely misses the adder.
The adder bites you but does no damage. The adder barely misses you.
You shoot an arrow. The arrow hits the adder!
You kill the adder!
The adder barely misses you. The adder completely misses you.
You shoot an arrow. The arrow hits the adder.
The adder is lightly wounded.
The adder bites you but does no damage. You block the adder's attack.
You shoot an arrow. The arrow barely misses the adder.
The adder bites you.
You are poisoned.
The adder poisons you! The adder closely misses you.
You shoot an arrow.
The arrow hits the adder but does no damage.
The adder is lightly wounded.
You feel very sick. The adder bites you but does no damage.
You shoot an arrow. The arrow barely misses the adder.
You feel sick. The adder barely misses you. The adder closely misses you.
You shoot an arrow. The arrow misses the adder.
You feel sick. You block the adder's attack. The adder bites you.
You shoot an arrow. The arrow hits the adder.
The adder is lightly wounded.
You feel sick. The adder bites you but does no damage.
You shoot an arrow. The arrow closely misses the adder.
You feel sick.
You are no longer poisoned.
The adder bites you but does no damage. The adder bites you.
You are lethally poisoned!
The adder poisons you!
1410 ||| READING scroll of teleportation.
As you read the scroll of teleportation, it crumbles to dust.
You feel strangely unstable.
You feel sick. The adder bites you but does no damage.
You shoot an arrow.
The arrow hits the adder but does no damage.
The adder is lightly wounded.
You feel sick. The adder closely misses you. The adder bites you.
You die...

#################
#................
#................
##..........#<....
#..########.#..###
#@S...............
#####.####...#####
#....+........
######...#####
#........ ########
####.####
#......#######.#
#......#....##.####
#......#.##.##.....


You could see an adder.

Vanquished Creatures
  3 adders (D:2)
  A gnoll (D:1)
  A worm (D:2)
  2 dart slugs (D:1)
  2 endoplasms (D:1)
  6 giant cockroaches
  2 goblins (D:1)
  5 hobgoblins
  A quokka (D:2)
  7 ball pythons
  4 bats
  3 kobolds
  3 rats (D:1)
40 creatures vanquished.

Notes
Turn   | Place    | Note
-------+----------+-------------------------------------------
     0 | D:1      | qw the Deep Elf Hunter began the quest for the Orb.
     0 | D:1      | Reached XP level 1. HP: 12/12 MP: 3/3
     0 | D:1      | 0 ||| qw: Version: 0.3-a-9-g12657ce
     0 | D:1      | 0 ||| qw: Game counter: 3693
     0 | D:1      | 0 ||| qw: Always use a shield: true
     0 | D:1      | 0 ||| qw: God list: Okawaru
     0 | D:1      | 0 ||| qw: Allow faded altars: false
     0 | D:1      | 0 ||| qw: Do Orc after D:15 true
     0 | D:1      | 0 ||| qw: Do second Lair branch before Depths: true
     0 | D:1      | 0 ||| qw: Lair rune preference: random
     0 | D:1      | 0 ||| qw: Plans: Normal
     0 | D:1      | 0 ||| PLANNING D:1-11
   165 | D:1      | Reached skill level 6 in Ranged Weapons
   165 | D:1      | Reached XP level 2. HP: 16/16 MP: 4/4
   177 | D:1      | HP: 1/16 [gnoll/+0 spear (5)]
   303 | D:1      | Reached XP level 3. HP: 20/20 MP: 5/5
   629 | D:1      | Found Evviwasi's General Store.
   639 | D:1      | 639 ||| SHOPLISTING +1 pair of gloves of dexterity (214
                  | gold, have 32).
   639 | D:1      | 639 ||| SHOPLISTING +1 ring mail of cold resistance (208
                  | gold, have 32).
   639 | D:1      | 639 ||| BUYING scroll of identify (26 gold).
   639 | D:1      | Bought a scroll of identify for 26 gold pieces
   651 | D:1      | Reached skill level 7 in Ranged Weapons
   755 | D:1      | 755 ||| UPGRADING to +0 ring mail.
   765 | D:1      | 765 ||| DROPPING +0 leather armour.
   766 | D:1      | 766 ||| READING scroll labelled OQUENI EZU PIU.
   770 | D:1      | 770 ||| READING scroll labelled PASTRE XAIMY.
   771 | D:1      | 771 ||| DROPPING scroll of butterflies.
   856 | D:2      | Identified the +1 pair of gloves of Tusteas {SInv}
   943 | D:2      | Identified the +4 sling of Division {antimagic, *Slow Will+
                  | SInv}
   945 | D:2      | 945 ||| SWAPPING to +4 sling of Division {antimagic, *Slow
                  | Will+ SInv}.
   982 | D:2      | Reached XP level 4. HP: 25/25 MP: 2/6
  1198 | D:2      | 1198 ||| SWAPPING to +0 orcbow.
  1199 | D:2      | 1199 ||| DROPPING +4 sling of Division {antimagic, *Slow
                  | Will+ SInv}.
  1200 | D:2      | 1200 ||| DROPPING +0 shortbow.
  1323 | D:2      | 1323 ||| UPGRADING to +0 pair of gloves.
  1328 | D:2      | 1328 ||| UPGRADING to +1 pair of gloves of Tusteas {SInv}.
  1338 | D:2      | 1338 ||| DROPPING +0 pair of gloves.
  1339 | D:2      | 1339 ||| UPGRADING to amulet of guardian spirit.
  1344 | D:2      | 1344 ||| UPGRADING to amulet of reflection.
  1354 | D:2      | 1354 ||| DROPPING amulet of guardian spirit.
  1355 | D:2      | 1355 ||| READING scroll labelled OQUIDGHOAXO.
  1394 | D:3      | 1394 ||| STAIRDANCE
  1409 | D:2      | HP: 4/25 [adder (3)]
  1410 | D:2      | 1410 ||| READING scroll of teleportation.
  1411 | D:2      | Slain by an adder

Levels and vault maps discovered:
D:1:      ebering_trefoil_3fold, layout_loops_cross, serial_shops,
          nicolae_diamond_shop
D:2:      layout_basic
D:3:      layout_loops_cross, nicolae_overflow_ecumenical_swirl,
          nicolae_overflow_crystal_walls

Skill      XL: |  1  2  3 |
---------------+----------+-----
Ranged Weapons | 6 7 |  7.7
Fighting       | |  1.5
Dodging        | |  2.4
Stealth        | |  1.2

Action                     |  1- 3 |  4- 6 || total
---------------------------+-------+-------++-------
   Fire: Shortbow          |    90 |       ||    90
         Sling             |     1 |    10 ||    11
         Orcbow            |       |    24 ||    24
    Use: Scroll            |     2 |     2 ||     4
 Armour: Leather armour    |     8 |       ||     8
         Ring mail         |     5 |    11 ||    16
  Dodge: Dodged            |    31 |    17 ||    48
  Block: Other             |       |     6 ||     6

Table legend:
 A = Non-vault XP
 B = Vault XP
 C = Vault XP percentage of total XP
 D = Non-vault monster count
 E = Vault monster count
 F = Vault count percentage of total count
                 A         B        C        D         E       F
            +---------+---------+-------+---------+---------+-------
      Total |     121 |       0 |   0.0 |      40 |       0 |   0.0
            +---------+---------+-------+---------+---------+-------
        D:1 |      64 |       0 |   0.0 |      28 |       0 |   0.0
        D:2 |      55 |       0 |   0.0 |      11 |       0 |   0.0
        D:3 |       2 |       0 |   0.0 |       1 |       0 |   0.0
            +---------+---------+-------+---------+---------+-------
